 Dungeon Crawl Stone Soup version 0.25-a0-834-g55863b0b92 (webtiles) character file.

Game seed: 14836033946351839636, levelgen mode: deterministic

83545 Maedhros the Martial Artist (level 15, -1/103 HPs)
             Began as an Octopode Artificer on Apr 23, 2020.
             Was an Elder of Cheibriados.
             Killed from afar by a wizard (27 damage)
             ... with a bolt of cold
             ... on level 15 of the Dungeon on Apr 24, 2020.
             The game lasted 01:51:44 (12101 turns).

Maedhros the Martial Artist (Octopode Artificer)   Turns: 12101, Time: 01:51:45

Health: -1/103     AC: 10    Str: 30    XL:     15   Next: 77%
Magic:  29/34      EV: 21    Int: 30    God:    Cheibriados [****..]
Gold:   1447       SH: 16    Dex: 25    Spells: 11/26 levels left

rFire    + . .     SeeInvis .     - Unarmed
rCold    . . .     Gourm    .   A - +4 kite shield
rNeg     . . .     Faith    .   O - +3 hat of Pondering {ponderous, MR+ MP+10 Int+5}
rPois    +         Spirit   .   w - amulet of Sammo {*Corrode +Inv MR+ Regen+ Str+7}
rElec    .         Reflect  .   i - +6 ring of protection
rCorr    +         Harm     .   K - ring "Fuasissym" {rPois MR+ rCorr Dex-2}
MR       ++++.                  N - ring of wizardry
Stlth    +++++.....             (no ring)
HPRegen  0.67/turn              (no ring)
MPRegen  0.24/turn              (no ring)
                                (no ring)
                                (no ring)

@: lightly drained, very slow
A: almost no armour, stealthy swim, amphibious, 8 rings, constrict 8, camouflage
1, clever 1, fire resistance 1, strong 1, gelatinous body 1, subdued magic 1
a: Bend Time, Temporal Distortion, Slouch, Renounce Religion, Evoke Invisibility


You were on level 15 of the Dungeon.
You worshipped Cheibriados.
Cheibriados was greatly pleased with you.
You were not hungry.

You visited 5 branches of the dungeon, and saw 25 of its levels.
You also visited: Gauntlet and Volcano.

You collected 2441 gold pieces.
You spent 994 gold pieces at shops.

Inventory:

Hand Weapons
 u - the +4 trident of Skirmishing {vorpal, rPois rN+ Int+4}
   (You found it on level 9 of the Dungeon)

   It inflicts extra damage upon your enemies.
   It affects your intelligence (+4).
   It protects you from poison.
   It protects you from negative energy.
 G - the +2 demon trident of the Girdle {drain, *Drain +Blink rElec Dex+6}
   (You found it in a Gauntlet)

   A truly terrible weapon, it drains the life of those it strikes.
   It affects your dexterity (+6).
   It insulates you from electricity.
   It lets you blink.
   It causes draining when unequipped.
 Q - a +1 fustibalus of flaming
Missiles
 a - 13 atropa-tipped darts
 e - 54 poisoned darts (quivered)
 n - 8 curare-tipped darts
 v - a throwing net
 z - 20 javelins
Armour
 A - a +4 kite shield (worn)
 O - the +3 hat of Pondering (worn) {ponderous, MR+ MP+10 Int+5}
   (You took it off Gastronok on level 3 of the Lair of Beasts)

   It affects your intelligence (+5).
   It affects your resistance to hostile enchantments.
   It affects your magic capacity (+10).
Jewellery
 c - an uncursed amulet of the acrobat
 i - a +6 ring of protection (left tentacle)
 r - an uncursed ring of fire
 w - the amulet of Sammo (around mantle) {*Corrode +Inv MR+ Regen+ Str+7}
   (You found it in a Gauntlet)

   [amulet of regeneration]

   It affects your strength (+7).
   It affects your resistance to hostile enchantments.
   It lets you turn invisible.
   It increases your rate of regeneration.
   It may corrode you when you take damage.
 K - the ring "Fuasissym" (right tentacle) {rPois MR+ rCorr Dex-2}
   (You acquired it on level 2 of the Lair of Beasts)

   [ring of resist corrosion]

   It affects your dexterity (-2).
   It protects you from poison.
   It affects your resistance to hostile enchantments.
   It provides partial protection from all sources of acid and corrosion.
 N - a ring of wizardry (on tentacle)
Wands
 E - a wand of polymorph (19)
 F - a wand of iceblast (12)
 H - a wand of enslavement (14)
 I - a wand of acid (10)
 R - a wand of digging (11)
 U - a wand of disintegration (13)
 W - a wand of paralysis (5)
 X - a wand of flame (24)
Scrolls
 b - 5 scrolls of amnesia
 d - 3 scrolls of blinking
 j - 3 scrolls of remove curse
 m - 6 scrolls of immolation
 p - 9 scrolls of teleportation
 s - 4 scrolls of summoning
 x - a scroll of magic mapping
 y - 5 scrolls of fog
 J - 3 scrolls of fear
 L - a scroll of vulnerability
 M - a scroll of silence {unknown}
 T - a scroll of enchant weapon
Potions
 g - a potion of magic {unknown}
 k - 3 potions of flight
 l - 6 potions of curing
 o - a potion of heal wounds
 q - 2 potions of brilliance
 t - 3 potions of mutation
 D - 2 potions of stabbing
 P - a potion of might
Miscellaneous
 h - a lightning rod (4/4)
 S - a phantom mirror
Comestibles
 f - 20 rations


   Skills:
 - Level 10.0(9.4) Fighting
   Level 1.0(0.5) Short Blades
 - Level 10.2(9.6) Dodging
 - Level 6.1(5.6) Stealth
 * Level 6.0(5.5) Shields
 + Level 12.4(11.7) Unarmed Combat
 - Level 6.4(5.9) Spellcasting
 - Level 8.0(7.4) Hexes
 - Level 5.0(4.4) Summonings
 - Level 1.0(0.5) Necromancy
 - Level 6.5(6.0) Air Magic
 - Level 6.4(5.8) Earth Magic
 - Level 6.5(5.9) Invocations
 - Level 12.1(11.5) Evocations


You had 11 spell levels left.
You knew the following spells:

 Your Spells              Type           Power        Failure   Level  Hunger
a - Slow                  Hex            #####...     1%          2    None
b - Cause Fear            Hex            #####.....   2%          4    ###....
c - Summon Lightning Spi  Summ/Air       ####....     8%          4    ###....
d - Animate Skeleton      Necr           N/A          4%          1    None
e - Leda's Liquefaction   Hex/Erth       #####.....   4%          4    ###....

Your spell library contained the following spells:

 Spells                   Type           Power        Failure   Level  Hunger
 Corona                   Hex            #####..      1%          1    None
 Pain                     Necr           #...         4%          1    None
 Dazzling Flash           Conj/Hex       ###...       4%          3    None
 Inner Flame              Hex/Fire       ###.....     4%          3    None
 Portal Projectile        Hex/Tloc       ###...       4%          3    None
 Magic Dart               Conj           #...         6%          1    None
 Recall                   Summ/Tloc      N/A          8%          3    None
 Searing Ray              Conj           #.....       10%         2    None
 Silence                  Hex/Air        #####.....   12%         5    #####..
 Fulminant Prism          Conj/Hex       ###.......   13%         4    ###....
 Vampiric Draining        Necr           #.........   16%         3    None
 Borgnjor's Vile Clutch   Necr/Erth      ###.......   43%         5    #####..
 Animate Dead             Necr           N/A          45%         4    ###....
 Iskenderun's Mystic Bla  Conj/Tloc      #.......     52%         4    ###....
 Agony                    Necr           #.......     78%         5    #####..
 Conjure Ball Lightning   Conj/Air       ###.......   95%         6    ######.
 Death Channel            Necr           #.........   100%        6    ######.
 Simulacrum               Ice/Necr       #.........   100%        6    ######.
 Tornado                  Air            ####......   100%        9    #######


Dungeon Overview and Level Annotations

Branches:
Dungeon (15/15)            Temple (1/1) D:5            Lair (6/6) D:10
  Swamp (0/4) Lair:3        Snake (1/4) Lair:4          Orc (2/2) D:12
    Elf (0/3) Orc:2        Vaults (0/5) D:14        Volcano (visited)
Gauntlet (visited)
  Slime: Lair:5-6    Depths: D:15

Altars:
Ashenzari
Cheibriados
Dithmenos
Elyvilon
Fedhas
Gozag
Hepliaklqana
Kikubaaqudgha
Makhleb
Nemelex Xobeh
Okawaru
Qazlal
Ru
Sif Muna
Trog
Uskayaw
Wu Jian
Xom
Yredelemnul
The Shining One
Lugonu

Shops:
D:9 !   D:12 *   Orc:1 }   Orc:2 ?=*[

Portals:
Hell: Lair:6

Annotations:
D:14 3 runed translucent doors, Biutis's ghost, journeyman HONe


Innate Abilities, Weirdness & Mutations

You cannot wear most types of armour.
You are very stealthy in the water. (Stealth+)
You are amphibious.
You can wear up to eight rings at the same time.
You can use your tentacles to constrict eight enemies at once.
Your skin changes colour to match your surroundings (Stealth+).
Your rubbery body absorbs attacks. (AC +1, EV +1)
Your mind is acute. (Int +2)
Your flesh is heat resistant. (rF+)
Your muscles are strong. (Str +2)
Your spells are a little easier to cast, but a little less powerful.


Message History

You constrict the wizard.
The wizard gestures at you while chanting.
You block the stone arrow.
You bludgeon the wizard!
The wizard is heavily wounded.
You constrict the wizard! The wizard casts a spell at you.
The bolt of lightning hits you!! The bolt of lightning hits you!
* * * LOW HITPOINT WARNING * * *
You fail to use your ability.
You constrict the wizard. The wizard barely misses you.
You can feel time thicken for a moment.
You kill the wizard!
Cheibriados thoroughly appreciates the change of pace.
Your base Shields skill increases to level 6!
You feel somewhat more hungry.
Cheibriados lowers the support of your attributes as your movement quickens.
The wizard points at you and mumbles some strange words.
The bolt of cold hits you!!
You die...

##........#
####.###
##.#######
#......#####
##.#
#.##........
##.##
#.####.####.
##.## #.# #.#
#..#
#######^####.#
#. #.#.#
#............#
#. ###.#
#.############
## #.# #@# #.#
#)# #.# %p.
##########
###.## ....%
#........#
.....##
.#####%
########.#
#.#.#.######..
$. #.#
...........#.
.# #####.###
#.....###### #
#.......#
#.....#
#.###.#.#


You could see a wizard.

Vanquished Creatures
  Gastronok (Lair:3)
  An orc warlord (Orc:2)
  A red draconian (Volcano)
  A minotaur (Gauntlet)
  A death ooze (Gauntlet)
  An ettin (D:12)
  Fannar (D:12)
  2 vault guards (D:14)
  Erolcha (D:11)
  An anaconda (Snake:1)
  8 hydras
  A ghost crab (Gauntlet)
  A tengu warrior (D:14)
  A death knight (D:14)
  A two-headed ogre (D:13)
  2 centaur warriors
  6 death yaks (Lair:5)
  5 orc high priests (Orc:2)
  A sun demon (Lair:6)
  A skeletal warrior (D:14)
  An unseen horror (D:14)
  5 wizards
  Pikel (D:8)
  2 deep elf magi (D:15)
  A phantasmal warrior (D:14)
  8 orc knights
  4 orc sorcerers
  6 ugly things
  A wolf spider zombie (D:12)
  3 elephants (Lair:6)
  4 cyclopes
  3 black mambas
  A centaur zombie (D:14)
  Psyche (D:11)
  2 gargoyles
  12 spiny frogs
  Maggie (D:7)
  An orange demon (Lair:6)
  3 centaur skeletons
  4 rime drakes
  3 freezing wraiths
  An ice devil (Lair:6)
  3 yaktaurs (Volcano)
  4 komodo dragons
  A harpy zombie (D:15)
  2 polar bears
  3 trolls
  2 slime creatures (Gauntlet)
  7 blink frogs
  A bog body (Lair:3)
  6 dream sheep (Lair:6)
  10 hippogriffs
  A vampire (D:14)
  3 wraiths
  A shadow (D:13)
  3 wyverns
  29 yaks
  2 hungry ghosts
  2 basilisks
  3 vampire mosquitoes (D:15)
  12 humans (D:14)
  7 nagas (Lair:4)
  A warg (Orc:2)
  An acid dragon (D:11)
  A soldier ant (D:13)
  15 water moccasins
  A soldier ant (shapeshifter) (D:15)
  13 porcupines
  5 hell hounds
  2 black bears
  35 orc warriors
  A phantom (D:14)
  8 ice beasts
  2 sky beasts
  8 ogres
  A necrophage (D:10)
  4 centaurs
  17 crocodiles
  Blork the orc (D:14)
  A big kobold (D:11)
  4 hounds
  21 bullfrogs
  A wyvern zombie (D:10)
  4 scorpions
  4 killer bees (D:13)
  2 howler monkeys (D:7)
  9 crimson imps
  23 orc priests
  A bullfrog zombie (D:7)
  A bullfrog skeleton (D:4)
  A hound (shapeshifter) (D:13)
  A jelly (D:10)
  A quasit (D:6)
  20 orc wizards
  A gnoll shaman (D:7)
  Natasha (D:3)
  3 iguanas
  5 worker ants
  A killer bee zombie (D:9)
  2 hound skeletons (D:4)
  14 adders
  8 gnolls
  A shadow imp (D:13)
  2 white imps (Lair:6)
  An adder skeleton (D:4)
  3 worms
  A dart slug (D:1)
  4 leopard geckos
  60 orcs
  3 bats
  4 giant cockroaches
  2 goblins (D:3)
  2 hobgoblins (D:2)
  4 quokkas
  2 frilled lizards (D:3)
  6 kobolds
  4 rats
  A fungus (Lair:3)
553 creatures vanquished.

Vanquished Creatures (collateral kills)
  A dire elephant (Lair:6)
  An ice statue (Lair:6)
  2 spiny frogs (Lair:6)
  2 orange demons (Lair:6)
  A smoke demon (Lair:6)
  An ice devil (Lair:6)
  4 humans (D:14)
  A hell hound (Lair:6)
  An orc warrior (Orc:2)
  A centaur skeleton (D:4)
  An orc priest (D:6)
  2 adders
  A leopard gecko (D:6)
  An orc (D:4)
  A leopard gecko skeleton (D:4)
  A fungus (Lair:6)
22 creatures vanquished.

Vanquished Creatures (others)
  An orc knight (Orc:2)
  A polar bear (Lair:6)
  An iguana (D:6)
  An ice beast (D:6)
  A hound (D:8)
  2 gnolls (D:4)
  An orc (D:4)
  15 fungi
  16 plants
39 creatures vanquished.

Grand Total: 614 creatures vanquished

Notes
Turn   | Place    | Note
-------+----------+-------------------------------------------
     0 | D:1      | Maedhros the Octopode Artificer began the quest for the
                  | Orb.
     0 | D:1      | Reached XP level 1. HP: 13/13 MP: 3/3
   220 | D:4      | Noticed an ice beast
   227 | D:4      | Noticed a hound
   229 | D:4      | Reached XP level 2. HP: 9/18 MP: 4/4
   233 | D:4      | Reached XP level 3. HP: 10/23 MP: 4/6
   257 | D:4      | Killed an ice beast
   257 | D:4      | Reached XP level 4. HP: 2/28 MP: 7/7
   341 | D:4      | Reached XP level 5. HP: 11/33 MP: 8/8
   358 | D:4      | Reached skill level 5 in Stealth
   358 | D:4      | Reached skill level 5 in Evocations
   466 | D:4      | Reached XP level 6. HP: 19/38 MP: 10/10
   483 | D:4      | Reached skill level 1 in Unarmed Combat
   527 | D:5      | Entered Level 5 of the Dungeon
   578 | D:5      | Found a staircase to the Ecumenical Temple.
   588 | Temple   | Entered the Ecumenical Temple
   605 | Temple   | Became a worshipper of Cheibriados the Contemplative
   715 | D:6      | Noticed an ice beast
   744 | D:6      | Reached XP level 7. HP: 39/43 MP: 11/11
   785 | D:5      | HP: 2/43 [poisoned by an adder]
   794 | D:5      | HP: 1/43 [poisoned by an adder]
  1072 | D:1      | Learned a level 2 spell: Slow
  1287 | D:3      | Reached * piety under Cheibriados
  1376 | D:3      | Gained mutation: You are somewhat resistant to further
                  | mutation. [potion of mutation]
  1377 | D:3      | Lost mutation: You are somewhat resistant to further
                  | mutation. [potion of mutation]
  1377 | D:3      | Gained mutation: Your muscles are strong. (Str +2) [potion
                  | of mutation]
  1377 | D:3      | Gained mutation: Your spells are a little easier to cast,
                  | but a little less powerful. [potion of mutation]
  1377 | D:3      | Gained mutation: Your mind is acute. (Int +2) [potion of
                  | mutation]
  1377 | D:3      | Gained mutation: Your flesh is heat resistant. (rF+)
                  | [potion of mutation]
  1508 | D:3      | Noticed Natasha
  1515 | D:3      | Killed Natasha
  1638 | D:4      | Found a shadowy altar of Dithmenos.
  1640 | D:4      | Found a sparkling altar of Nemelex Xobeh.
  1815 | D:5      | Reached skill level 1 in Shields
  1828 | D:5      | Found a blossoming altar of Fedhas.
  1908 | D:5      | Reached skill level 5 in Unarmed Combat
  1910 | D:5      | Reached ** piety under Cheibriados
  1910 | D:5      | Reached XP level 8. HP: 4/48 MP: 8/12
  2075 | D:5      | Found a glowing golden altar of the Shining One.
  2081 | D:5      | Found a basalt altar of Yredelemnul.
  2532 | D:7      | Noticed Maggie
  2553 | D:7      | Killed Maggie
  2553 | D:7      | Reached XP level 9. HP: 12/53 MP: 13/13
  2665 | D:7      | Found an ornate altar of the Wu Jian Council.
  2885 | D:8      | Noticed Pikel
  2940 | D:8      | Reached *** piety under Cheibriados
  3139 | D:8      | Killed Pikel
  3139 | D:8      | Reached skill level 10 in Unarmed Combat
  3214 | D:8      | Found an ancient bone altar of Kikubaaqudgha.
  3214 | D:8      | Found a hazy altar of Hepliaklqana.
  3221 | D:8      | Found a blossoming altar of Fedhas.
  3223 | D:8      | Found a hide-covered altar of Uskayaw.
  3224 | D:8      | Found a sacrificial altar of Ru.
  3364 | D:8      | Reached XP level 10. HP: 43/63 MP: 14/14
  3460 | D:9      | Found Loiblom's Distillery.
  3468 | D:9      | Bought a potion of heal wounds for 80 gold pieces
  3468 | D:9      | Bought a potion of heal wounds for 80 gold pieces
  3468 | D:9      | Bought a potion of heal wounds for 80 gold pieces
  3475 | D:9      | Reached skill level 5 in Dodging
  3531 | D:9      | Got a steaming trident
  3574 | D:10     | Entered Level 10 of the Dungeon
  3620 | D:10     | Reached skill level 5 in Fighting
  3692 | D:10     | Reached **** piety under Cheibriados
  3753 | D:11     | Noticed a green ugly thing
  3879 | D:9      | Found a shattered altar of Ashenzari.
  3948 | D:9      | Reached skill level 1 in Invocations
  3976 | D:9      | You fall into a shaft and drop 2 floors!
  3978 | D:11     | Noticed Erolcha
  4047 | D:10     | Found a staircase to the Lair.
  4171 | D:10     | Reached XP level 11. HP: 67/75 MP: 15/15
  4249 | D:11     | Noticed Psyche
  4275 | D:11     | Killed Psyche
  4409 | D:11     | Reached ***** piety under Cheibriados
  4460 | D:11     | Reached skill level 5 in Invocations
  4547 | D:12     | Noticed a six-headed hydra
  4556 | D:12     | Killed a six-headed hydra
  4606 | D:12     | Got a smoking trident
  4613 | D:12     | Got a pitted flail
  4664 | D:12     | Found a staircase to the Orcish Mines.
  4664 | D:12     | Noticed a six-headed hydra
  4689 | D:12     | Found Keupiame's General Store.
  4713 | D:12     | Noticed a cyclops
  4733 | D:12     | Killed a cyclops
  4927 | D:13     | Noticed a centaur warrior
  5079 | D:13     | Reached skill level 1 in Hexes
  5083 | D:13     | Noticed a two-headed ogre
  5094 | D:13     | Killed a two-headed ogre
  5189 | D:13     | Identified the +4 trident of Skirmishing {vorpal, rPois rN+
                  | Int+4} (You found it on level 9 of the Dungeon)
  5396 | D:14     | Noticed a cyan ugly thing
  5396 | D:14     | Noticed a cyan ugly thing
  5396 | D:14     | Noticed a cyan ugly thing
  5396 | D:14     | Noticed a cyan ugly thing
  5396 | D:14     | Noticed a cyan ugly thing
  5424 | D:13     | Killed a centaur warrior
  5527 | D:14     | Noticed a tengu warrior
  5539 | D:14     | Noticed a five-headed hydra
  5580 | D:14     | Found a runed translucent gate.
  5683 | Orc:1    | Entered Level 1 of the Orcish Mines
  5683 | Orc:1    | Found Zaz Qam's Gadget Emporium.
  5683 | Orc:1    | Noticed Fannar
  5689 | Orc:1    | Learned a level 4 spell: Cause Fear
  5700 | D:12     | Killed Fannar
  5700 | D:12     | Reached XP level 12. HP: 57/84 MP: 16/16
  5878 | Orc:1    | Reached skill level 5 in Hexes
  5932 | Orc:2    | Entered Level 2 of the Orcish Mines
  6033 | Orc:1    | Found an iron altar of Okawaru.
  6107 | Orc:2    | Noticed an orc warlord
  6108 | Orc:2    | Noticed an ettin
  6143 | Orc:1    | Bought a wand of iceblast (11) for 180 gold pieces
  6321 | Orc:2    | Killed an orc warlord
  6453 | Orc:2    | Paralysed by an orc sorcerer for 3 turns
  6537 | Orc:2    | Found a staircase to the Elven Halls.
  6637 | Lair:1   | Entered Level 1 of the Lair of Beasts
  6704 | Lair:1   | Found a gate leading to a gauntlet.
  6718 | Gauntlet | Entered a Gauntlet
  6718 | Gauntlet | Found a transporter.
  6721 | Gauntlet | Found a transporter.
  6723 | Gauntlet | Found a transporter.
  6727 | Gauntlet | Found a transporter.
  6728 | Gauntlet | Found a transporter.
  6729 | Gauntlet | Found a transporter.
  6731 | Gauntlet | Noticed a blizzard demon
  6739 | Gauntlet | Noticed a catoblepas
  6742 | Gauntlet | Found a transporter.
  6747 | Gauntlet | Found a transporter.
  6757 | Gauntlet | Noticed a green death
  6764 | Gauntlet | Noticed a death ooze
  6767 | Gauntlet | Found a transporter.
  6782 | Gauntlet | Found a transporter.
  6786 | Gauntlet | Found a transporter.
  6787 | Gauntlet | Noticed a ghost crab
  6795 | Gauntlet | Found a transporter.
  6839 | Gauntlet | Killed a ghost crab
  6911 | Gauntlet | Killed a death ooze
  6925 | Gauntlet | Got an ancient jade amulet
  6959 | Gauntlet | Noticed a minotaur
  6973 | Gauntlet | Killed a minotaur
  6986 | Gauntlet | Got a scorched demon trident
  6992 | Gauntlet | Learned a level 4 spell: Summon Lightning Spire
  6994 | Gauntlet | Learned a level 1 spell: Animate Skeleton
  7012 | Gauntlet | Identified the cursed +2 demon trident of the Girdle
                  | {drain, *Drain +Blink rElec Dex+6} (You found it in a
                  | Gauntlet)
  7143 | Lair:1   | Reached XP level 13. HP: 77/90 MP: 17/17
  7334 | Lair:2   | Reached skill level 10 in Dodging
  7341 | Lair:2   | Identified the amulet of Sammo {*Corrode +Inv MR+ Regen+
                  | Str+7} (You found it in a Gauntlet)
  7382 | Lair:2   | Identified a scroll of acquirement
  7383 | Lair:2   | Identified the ring "Fuasissym" {rPois MR+ rCorr Dex-2}
                  | (You acquired it on level 2 of the Lair of Beasts)
  7383 | Lair:2   | Identified the +6 bardiche of Callousness {elec, rC+ SInv}
                  | (You acquired it on level 2 of the Lair of Beasts)
  7517 | Lair:2   | Reached skill level 10 in Fighting
  7685 | Lair:3   | Reached skill level 1 in Spellcasting
  7698 | Lair:3   | Found a staircase to the Swamp.
  7705 | Lair:3   | Noticed Gastronok
  7714 | Lair:3   | Killed Gastronok
  7736 | Lair:3   | Learned a level 4 spell: Leda's Liquefaction
  7842 | Lair:3   | Found a dark tunnel.
  7848 | Volcano  | Entered a volcano
  7878 | Volcano  | Noticed a red draconian
  7893 | Volcano  | Killed a red draconian
  7893 | Volcano  | Reached skill level 1 in Earth Magic
  8470 | Lair:5   | Reached skill level 10 in Evocations
  8777 | Lair:5   | Reached XP level 14. HP: 99/99 MP: 21/21
  8889 | Lair:6   | Entered Level 6 of the Lair of Beasts
  8986 | Lair:6   | Reached skill level 1 in Summonings
  8988 | Lair:6   | Reached skill level 1 in Air Magic
  9106 | Lair:6   | Reached skill level 5 in Spellcasting
  9223 | Lair:6   | Noticed a dire elephant
  9231 | Lair:6   | Killed a dire elephant
  9289 | Lair:6   | Found a burning altar of Makhleb.
  9297 | Lair:6   | Reached skill level 5 in Earth Magic
  9372 | Lair:6   | Found a gateway to Hell.
  9666 | Lair:4   | Found a staircase to the Snake Pit.
  9836 | D:11     | Killed Erolcha
 10094 | D:14     | Noticed Blork the orc
 10100 | D:14     | Killed Blork the orc
 10101 | D:14     | Found a shimmering blue altar of Sif Muna.
 10162 | D:14     | Reached XP level 15. HP: 101/103 MP: 23/23
 10195 | D:14     | Found a runed translucent gate.
 10195 | D:14     | Found a runed translucent gate.
 10197 | D:14     | Noticed Biutis's ghost (journeyman HONe)
 10338 | D:15     | Entered Level 15 of the Dungeon
 10439 | D:15     | Reached skill level 5 in Summonings
 10439 | D:15     | Reached skill level 5 in Air Magic
 10499 | D:15     | Identified the cursed +0 trident of Irritation {venom, MR+
                  | Str+5 Int+3} (You found it on level 12 of the Dungeon)
 10711 | D:14     | Identified the +6 flail "Asytsuva" {vorpal, Int+2} (You
                  | found it on level 12 of the Dungeon)
 11045 | Orc:2    | Found Jucei's General Store.
 11047 | Orc:2    | Found Byrchudwe's Magic Scroll Boutique.
 11162 | Orc:2    | Found Ocegai's Antique Armour Boutique.
 11163 | Orc:2    | Found Noutyit's Jewellery Shop.
 11181 | Orc:2    | Bought a scroll of blinking for 82 gold pieces
 11181 | Orc:2    | Bought a scroll of blinking for 82 gold pieces
 11181 | Orc:2    | Bought a scroll of summoning for 104 gold pieces
 11182 | Orc:2    | Bought a scroll of teleportation for 39 gold pieces
 11182 | Orc:2    | Bought a potion of curing for 39 gold pieces
 11183 | Orc:2    | Bought a scroll of magic mapping for 38 gold pieces
 11191 | Orc:2    | Bought a kite shield for 108 gold pieces
 11204 | Orc:2    | Bought a scroll of enchant armour for 82 gold pieces
 11440 | Snake:1  | Entered Level 1 of the Snake Pit
 11690 | D:14     | Reached skill level 1 in Necromancy
 11756 | D:14     | Reached skill level 5 in Shields
 11796 | D:14     | Found a gate to the Vaults.
 12101 | D:15     | Killed from afar by a wizard

Levels and vault maps discovered:
D:1:      psy_arrival_terrarium, layout_basic
D:2:      wander_river, layout_basic, first_ration
D:3:      layout_loops_ring, uniq_natasha
D:4:      layout_rooms, nicolae_overflow_hidden_temple
D:5:      layout_loops_corners, grunt_temple_overflow_holy_war,
          overflow_temple_1_default, minmay_temple_entry_proselytizer,
          fedhas_ov_isle_minmay
D:6:      layout_rooms, trog_book
D:7:      layout_rooms, nicolae_overflow_crystal_walls, uniq_maggie
D:8:      layout_loops_ring, chequers_temple_overflow_minitemple, uniq_pikel
D:9:      layout_roguey [special_room_orc], evilmike_ruin_ashenzari,
          kennysheep_little_box, serial_shops,
          nicolae_shop_temple_entry_statues_fountains
D:10:     layout_cave_pools, grunt_lair_entry_orc_guard_hut
D:11:     layout_basic, uniq_psyche, uniq_erolcha
D:12:     kennysheep_funnel, layout_cave_pools, orc_0_dummy, serial_shops,
          kennysheep_mini
D:13:     layout_basic, grunt_tengu_nest
D:14:     layout_irregular_city, grunt_vaults_entry_tiered,
          gammafunk_ghost_hydra_chop, kennysheep_doodads, tgw_sif
D:15:     grunt_enter_depths_magical_seal, layout_loops_corners
Temple:   corrupted_temple
Lair:1:   layout_long_grid, gauntlet_entry_generic
Lair:2:   layout_loops_ring
Lair:3:   layout_cave_pods, skrybe_swamp_entry_bodies, enter_volcano_3,
          uniq_gastronok
Lair:4:   layout_gridlike, minmay_snake_entry_guardpost_medium
Lair:5:   layout_regular_city, slime_altar_2, grunt_megastairs_3,
          infiniplex_staircase_pool
Lair:6:   evil_forest, layout_cave_pods, ice2_lemuel
Snake:1:  layout_onion_interference
Orc:1:    layout_caves, serial_shops,
          nicolae_shop_temple_entry_statues_fountains,
          okawaru_metal_pillars_1_2, uniq_fannar
Orc:2:    st_orc_pillars, layout_diamond_mine

Skill      XL: |  1  2  3  4  5  6  7  8  9 10 11 12 13 14 15 |
---------------+----------------------------------------------+-----
Stealth        | 2 3 4 6 |  6.1
Evocations     | 4 5 6 10 11 12 | 12.1
Unarmed Combat | 3 5 8 10 11 12 | 12.4
Shields        | 2 4 6 |  6.0
Fighting       | 4 7 8 9 10 | 10.0
Dodging        | 4 7 8 9 10 | 10.2
Invocations    | 3 6 |  6.5
Hexes          | 4 7 8 |  8.0
Spellcasting   | 4 5 6 |  6.4
Earth Magic    | 3 5 6 |  6.4
Summonings     | 4 5 |  5.0
Air Magic      | 4 6 |  6.5
Necromancy     | 1 |  1.0
Short Blades   | |  1.0

Action                   |  1- 3 |  4- 6 |  7- 9 | 10-12 | 13-15 || total
-------------------------+-------+-------+-------+-------+-------++-------
Melee: Short sword       |    16 |       |       |       |       ||    16
       Constrict         |     4 |     4 |    49 |    53 |   124 ||   234
       Tentacles         |     3 |     6 |    54 |   160 |   245 ||   468
       Dagger            |       |    18 |    71 |       |       ||    89
       Unarmed           |       |       |   116 |   347 |    65 ||   528
       Punch             |       |       |    11 |    44 |   128 ||   183
       Trident           |       |       |       |    14 |       ||    14
       Demon trident     |       |       |       |    15 |   659 ||   674
Throw: Dart              |       |       |    20 |    34 |     5 ||    59
 Cast: Slow              |       |       |     2 |     3 |       ||     5
       Animate Skeleton  |       |       |       |       |    18 ||    18
       Summon Lightning  |       |       |       |       |     3 ||     3
       Leda's Liquefacti |       |       |       |       |     1 ||     1
Invok: Temporal Distorti |       |       |       |     3 |       ||     3
       Slouch            |       |       |       |     7 |    17 ||    24
Evoke: Wand              |    10 |    19 |    14 |     7 |    35 ||    85
       Lightning rod     |       |       |       |     6 |       ||     6
  Use: Scroll            |       |       |    11 |    10 |    19 ||    40
       Potion            |       |       |    10 |     6 |     2 ||    18
 Stab: Sleeping          |     1 |     3 |     9 |    14 |    42 ||    69
       Distracted        |       |       |     2 |       |     5 ||     7
  Eat: Chunk             |       |       |     6 |     4 |     6 ||    16
       Ration            |       |       |       |     3 |     2 ||     5
Armor: Skin              |       |     3 |     7 |    23 |    63 ||    96
Dodge: Dodged            |    11 |    11 |    83 |   211 |   558 ||   874
Block: Buckler           |       |       |    20 |    83 |   231 ||   334
       Kite shield       |       |       |       |       |    46 ||    46

Table legend:
 A = Non-vault XP
 B = Vault XP
 C = Vault XP percentage of total XP
 D = Non-vault monster count
 E = Vault monster count
 F = Vault count percentage of total count
                 A         B        C        D         E       F
            +---------+---------+-------+---------+---------+-------
      Total |   71622 |   47728 |  40.0 |     410 |     165 |  28.7
            +---------+---------+-------+---------+---------+-------
        D:1 |      13 |       0 |   0.0 |       6 |       0 |   0.0
        D:2 |       7 |       0 |   0.0 |       5 |       0 |   0.0
        D:3 |      34 |      36 |  51.4 |      10 |       1 |   9.1
        D:4 |     486 |       0 |   0.0 |      22 |       0 |   0.0
        D:5 |     555 |      44 |   7.3 |      17 |       1 |   5.6
        D:6 |     766 |       0 |   0.0 |      20 |       0 |   0.0
        D:7 |     572 |     418 |  42.2 |      14 |       1 |   6.7
        D:8 |    1439 |     663 |  31.5 |      22 |       1 |   4.3
        D:9 |     640 |       0 |   0.0 |       6 |       0 |   0.0
       D:10 |    2512 |     701 |  21.8 |      19 |       5 |  20.8
       D:11 |    2734 |    1451 |  34.7 |      21 |       2 |   8.7
       D:12 |    2581 |    2015 |  43.8 |       7 |       2 |  22.2
       D:13 |    5009 |       0 |   0.0 |      25 |       0 |   0.0
       D:14 |   11313 |    7462 |  39.7 |      29 |      26 |  47.3
       D:15 |    2866 |    1756 |  38.0 |      12 |       3 |  20.0
     Lair:1 |    2120 |       0 |   0.0 |      11 |       0 |   0.0
     Lair:2 |    4454 |       0 |   0.0 |      22 |       0 |   0.0
     Lair:3 |    5678 |    2648 |  31.8 |      22 |       4 |  15.4
     Lair:4 |    1502 |    1129 |  42.9 |       8 |       7 |  46.7
     Lair:5 |    8743 |     584 |   6.3 |      19 |       2 |   9.5
     Lair:6 |    8116 |   10781 |  57.1 |      32 |      34 |  51.5
    Snake:1 |    1901 |       0 |   0.0 |       3 |       0 |   0.0
      Orc:1 |    2111 |       0 |   0.0 |      24 |       0 |   0.0
      Orc:2 |    4940 |   11466 |  69.9 |      32 |      67 |  67.7
    Volcano |       0 |    3332 | 100.0 |       0 |       6 | 100.0
   Gauntlet |     530 |    3242 |  85.9 |       2 |       3 |  60.0
            +---------+---------+-------+---------+---------+-------
